[Event "Team 45 45 League T55"]
[Site "Internet Chess Club"]
[Date "2012.11.23"]
[Round "2"]
[White "jt2000"]
[Black "TerryMalloy"]
[Result "0-1"]
[WhiteElo "1735"]
[BlackElo "2068"]
[Opening "Sicilian: Najdorf, 6.Bg5"]
[ECO "B94"]
[Time "12:11:07"]
[TimeControl "2700+45"]

1. e4 c5 2. Nf3 d6 3. d4 cxd4 4. Nxd4 Nf6 5. Nc3 a6 6. Bg5 Nbd7 7. f4 Qc7 8. Qf3
h6 9. Bh4 g5 10. Bg3 gxf4 11. Bxf4 e5 12. Be3 exd4 13. Bxd4 Bg7 14. O-O-O Ne5
15. Bxe5 dxe5 16. Nd5 Nxd5 17. exd5 O-O 18. d6 Qc6 19. Qf2 Bg4 20. Rd2 Rfd8 21.
h3 Be6 22. Rg1 Rxd6 23. g4 Qb6 24. g5 Qxf2 25. Rxf2 Rad8 26. Be2 Kf8 27. h4 e4
28. Rgf1 Bd4 29. Rf4 Be3+ {White resigns} 0-1

[Event "Team 45 45 League T55"]
[Site "Internet Chess Club"]
[Date "2012.11.25"]
[Round "2"]
[White "phoenix10q72"]
[Black "Morovon23"]
[Result "1/2-1/2"]
[WhiteElo "2169"]
[BlackElo "2326"]
[Opening "Alekhine's defense: exchange variation"]
[ECO "B03"]
[Time "18:00:12"]
[TimeControl "2700+45"]

1. e4 Nf6 2. e5 Nd5 3. d4 d6 4. c4 Nb6 5. exd6 cxd6 6. Nc3 g6 7. Be3 Bg7 8. Rc1
O-O 9. b3 e5 10. dxe5 dxe5 11. Qxd8 Rxd8 12. c5 N6d7 13. Bc4 Nc6 14. Nf3 Na5 15.
Be2 b6 16. b4 Nc6 17. b5 Nd4 18. c6 Nc5 19. Ng5 h6 20. Nge4 Nxe4 21. Nxe4 f5 22.
Bxd4 Rxd4 23. Nd2 h5 24. Nc4 Be6 25. O-O e4 26. a4 Bf8 27. a5 Bc5 28. Rfd1 Kg7
29. Rxd4 Bxd4 30. Rd1 Bc5 31. Kf1 Kf6 32. g3 f4 33. gxf4 Kf5 34. Ne3+ Kxf4 35.
Nd5+ Ke5 36. Ne3 Rf8 37. Kg2 h4 38. axb6 axb6 39. h3 Ra8 40. Rd2 Bb4 41. Rc2 Bc5
42. Ng4+ Kf4 43. Bc4 Bf5 44. Bd5 Bxg4 45. hxg4 Ke5 46. Bf7 g5 47. Bg6 Bd6 48.
Bf5 Bc7 49. Rc4 Kd5 50. Rxe4 Ra3 51. Re1 h3+ 52. Kg1 Kc5 53. Rb1 Kd4 54. Rd1+
Kc4 55. Rb1 Kd4 56. Be6 Kc5 57. Bf5 Kd4 58. Bc2 Kc3 59. Be4 Kd4 60. Bh1 Kc5 61.
Be4 Kd4 62. Re1 Kc5 63. Rb1 Kd4 64. Bc2 Kc3 65. Bd1 Kd2 66. Bb3 Kc3 67. Be6 Kd4
68. Rc1 Rc3 69. Rb1 Kc5 70. Bf5 Kd4 71. Rd1+ Kc5 72. Bd3 Bf4 73. Bf1 Bd6 74. Re1
Bf4 75. Rd1 Bd6 76. Ra1 Be5 77. Ra7 Kd5 78. Rh7 Kc5 79. Rf7 Kd4 80. Rb7 Rc1 81.
Rh7 h2+ 82. Kg2 Kd5 83. Rh3 Kc5 84. Rh5 Kd4 85. Rh7 Kc5 86. Rh6 Kd4 87. Rh3 Kc5
88. Rh5 Kd4 89. Rh6 Kc5 90. c7 Kd4 91. c8=Q Rxc8 92. Rxb6 Rc2 93. Rh6 Rb2 94.
Rh3 Rd2 95. Rh7 Rb2 96. Rd7+ Kc5 97. Rf7 Kd5 98. Rf3 Kc5 99. Rf5 Kd4 100. Rf3
Kc5 101. Bd3 Bf4 102. Rh3 Kd4 103. Bf1 Be5 104. Rh6 Kc5 105. Rc6+ Kd5 106. Rc1
Kd4 107. Rd1+ Kc5 108. Bd3 Bf4 109. Re1 Kd4 110. Be2 Kc5 111. Kf3 Kd4 112. Rd1+
Kc5 113. Rh1 Kd4 114. Ra1 Rb3+ 115. Kg2 Rb2 116. Bf1 Rxf2+ 117. Kh1 Rb2 118.
Rd1+ Kc5 119. Re1 Kd4 120. Rd1+ Ke3 121. Ra1 Kf3 122. Bg2+ Kxg4 123. Bc6 Kg3
124. Ra3+ Kh4 125. Ra1 g4 126. Rf1 Bc7 127. Rd1 Kg3 128. Rd3+ Kf2 129. Rd1 g3
130. Ra1 Ba5 131. Rc1 Be1 132. Bg2 Rxb5 133. Ra1 Rb2 134. Rc1 Ke2 135. Ra1 Kd2
136. Bf3 Bf2 137. Bg2 Kc2 138. Be4+ Kc3 139. Rc1+ Kd4 140. Bg2 Kd3 141. Rd1+ Ke2
142. Ra1 Be3 143. Rf1 Bd2 144. Ra1 Rb6 145. Bf1+ Ke3 146. Bg2 Rf6 147. Rf1 Rg6
148. Rf3+ Ke2 149. Rf1 Be3 150. Rb1 Rf6 151. Rf1 Bf2 {Game drawn by mutual
agreement} 1/2-1/2

[Event "Team 45 45 League T55"]
[Site "Internet Chess Club"]
[Date "2012.11.24"]
[Round "2"]
[White "Burning-Bush"]
[Black "StephenHawking"]
[Result "0-1"]
[WhiteElo "2086"]
[BlackElo "2213"]
[Opening "Queen's pawn game"]
[ECO "E00"]
[Time "19:56:45"]
[TimeControl "2700+45"]

1. d4 Nf6 2. c4 e6 3. a3 d5 4. Bg5 Be7 5. e3 O-O 6. Nc3 h6 7. Bh4 Nbd7 8. Nf3 c6
9. Bd3 dxc4 10. Bxc4 b5 11. Bd3 a6 12. O-O c5 13. Ne4 c4 14. Nxf6+ Bxf6 15. Be4
Ra7 16. Bg3 Qb6 17. Qc2 Bb7 18. Bxb7 Rxb7 19. Rfd1 Rd8 20. h3 Nb8 21. Rac1 Be7
22. a4 Nc6 23. axb5 axb5 24. Qe4 Na5 25. Nd2 Bb4 26. Nb1 Nb3 27. Rc2 Ra7 28. Nc3
Qa5 29. Ne2 Qa4 30. Rf1 Ra6 31. Nc3 Bxc3 32. bxc3 Rda8 33. Rb2 b4 34. Qc2 Rb6
35. Bc7 Rb7 36. Bd6 bxc3 37. Qxc3 Ra6 38. Be5 Qb4 39. Qc2 c3 40. Ra2 Rxa2 41.
Qxa2 Nd2 42. Rc1 Qb2 43. Qa8+ Kh7 44. Rxc3 Qb1+ 45. Kh2 Nf1+ 46. Kg1 Nxe3+ 47.
Kh2 Nf1+ 48. Kg1 Ng3+ 49. Rc1 Qxc1+ 50. Kh2 Ne2 {White resigns} 0-1

[Event "Team 45 45 League T55"]
[Site "Internet Chess Club"]
[Date "2012.11.25"]
[Round "2"]
[White "primerpaso"]
[Black "PandorasBox"]
[Result "1-0"]
[WhiteElo "1941"]
[BlackElo "1892"]
[Opening "English: symmetrical, Botvinnik system"]
[ECO "A36"]
[Time "16:23:25"]
[TimeControl "2700+45"]

1. c4 c5 2. Nc3 g6 3. g3 Bg7 4. Bg2 Nc6 5. e4 d6 6. Nge2 Bd7 7. O-O Nf6 8. d3
O-O 9. h3 e5 10. Be3 Nd4 11. f4 Qc8 12. Kh2 Nxe2 13. Qxe2 Ne8 14. f5 Rb8 15. Nd5
Qd8 16. h4 Bc6 17. Rf2 Bxd5 18. exd5 b5 19. Raf1 bxc4 20. dxc4 f6 21. Be4 g5 22.
hxg5 fxg5 23. f6 Rxf6 24. Rxf6 Bxf6 25. b3 Rb7 26. Qg4 Rg7 27. Qe6+ Kh8 28. Qh3
Qe7 29. Qc8 Rg8 30. Qh3 g4 31. Qh5 Bg5 32. Rf7 Qxf7 33. Qxf7 Nf6 34. Bxg5 Nxe4
35. Bf6+ {Black resigns} 1-0

[Event "Team 45 45 League T55"]
[Site "Internet Chess Club"]
[Date "2012.11.25"]
[Round "2"]
[White "Wargasm"]
[Black "chess9793"]
[Result "1-0"]
[WhiteElo "2181"]
[BlackElo "2145"]
[Opening "Grünfeld: Russian, Byrne (Simagin) variation"]
[ECO "D97"]
[Time "16:08:32"]
[TimeControl "2700+45"]

1. d4 Nf6 2. c4 g6 3. Nc3 d5 4. Nf3 Bg7 5. Qb3 dxc4 6. Qxc4 O-O 7. e4 Nc6 8. Be2
Nd7 9. Be3 Nb6 10. Qc5 f5 11. O-O-O fxe4 12. Ne5 Qd6 13. Nxc6 bxc6 14. Nxe4 Qd5
15. Nc3 Qxg2 16. h4 Rxf2 17. Rdg1 Rxe2 18. Rxg2 Rxg2 19. Qxc6 Rg3 20. Bf4 Rd3
21. Be5 Bh6+ 22. Kb1 Bf5 23. Ka1 Rd2 24. Nd5 Bd7 25. Nxe7+ Kf7 26. Qf6+ Ke8 27.
Re1 Kd8 28. Nc6+ Kc8 29. Qd8+ Kb7 30. Qxc7+ Ka6 31. Nb8+ Ka5 32. Nxd7 {Black
resigns} 1-0

[Event "Team 45 45 League T55"]
[Site "Internet Chess Club"]
[Date "2012.11.23"]
[Round "2"]
[White "Rodin7"]
[Black "Pacini"]
[Result "1/2-1/2"]
[WhiteElo "2019"]
[BlackElo "2116"]
[Opening "Sicilian defense"]
[ECO "B40"]
[Time "21:31:23"]
[TimeControl "2700+45"]

1. e4 c5 2. Nf3 e6 3. c3 d5 4. exd5 Qxd5 5. d4 Nf6 6. Na3 a6 7. Nc4 Nbd7 8. Be2
cxd4 9. Qxd4 Bc5 10. Qxd5 Nxd5 11. a4 O-O 12. Bd3 b6 13. Ne3 Nxe3 14. Bxe3 Bxe3
15. fxe3 Bb7 16. Ng5 h6 17. Be4 Bxe4 18. Nxe4 Ne5 {Game drawn by mutual
agreement} 1/2-1/2

[Event "Team 45 45 League T55"]
[Site "Internet Chess Club"]
[Date "2012.11.24"]
[Round "2"]
[White "parpin"]
[Black "Legal"]
[Result "1-0"]
[WhiteElo "2034"]
[BlackElo "1953"]
[Opening "Giuoco Piano: Anderssen variation"]
[ECO "C54"]
[Time "22:01:35"]
[TimeControl "2700+45"]

1. e4 e5 2. Nf3 Nc6 3. Bc4 Bc5 4. c3 Nf6 5. d4 exd4 6. e5 d5 7. Bb5 Ne4 8. cxd4
Bb4+ 9. Bd2 Nxd2 10. Nbxd2 Bg4 11. O-O O-O 12. Bxc6 bxc6 13. Qc2 Bd7 14. Nb3 Rb8
15. Ne1 Qg5 16. f4 Qf5 17. Nd3 Be7 18. Rac1 f6 19. Nbc5 fxe5 20. fxe5 Qg4 21.
Qc3 Rxf1+ 22. Rxf1 Rf8 23. Rxf8+ Bxf8 24. Nf2 Qf5 25. Nfd3 Be8 26. a3 Be7 27.
Qd2 Bh4 28. Qe2 Bh5 29. Qe3 Bg5 30. Qf2 Qg4 31. h3 Qc8 32. Nb4 Be8 33. Nbd3 Bg6
34. Qf3 Be7 35. b4 Bf5 36. g4 Be6 37. Nxe6 Qxe6 38. Kf2 Qh6 39. Ke2 Qh4 40. Kd2
h5 41. gxh5 Qxd4 42. Qg3 Qh4 43. Qg4 Qg5+ 44. Kc3 Kh7 45. Qe6 Qh4 46. Qg6+ Kh8
47. Qxc6 d4+ 48. Kc4 Qxh5 49. Qxc7 Qf7+ 50. Kxd4 Qe6 51. Qxa7 Bh4 52. Qa8+ Kh7
53. Qe4+ {Black resigns} 1-0

[Event "Team 45 45 League T55"]
[Site "Internet Chess Club"]
[Date "2012.11.22"]
[Round "2"]
[White "DouDou"]
[Black "Timetoshine"]
[Result "0-1"]
[WhiteElo "1584"]
[BlackElo "2111"]
[Opening "Ruy Lopez: Archangelsk (counterthrust) variation"]
[ECO "C78"]
[Time "15:00:30"]
[TimeControl "2700+45"]

1. e4 e5 2. Nf3 Nc6 3. Bb5 a6 4. Ba4 Nf6 5. O-O b5 6. Bb3 Bb7 7. c3 Be7 8. Qc2
O-O 9. d4 d6 10. Rd1 exd4 11. cxd4 Nb4 12. Qc3 d5 13. e5 Ne4 14. Qe3 c5 15. Nc3
c4 16. a3 cxb3 17. axb4 Bxb4 18. Bd2 Bxc3 19. Bxc3 a5 20. Bd2 b4 21. Qxb3 f6 22.
Re1 Kh8 23. Rac1 Qb6 24. Bf4 g5 25. Bg3 f5 26. h3 g4 27. hxg4 fxg4 28. Nh2 Qxd4
29. Nxg4 Nxg3 30. Qxg3 Rg8 31. Rc7 Rxg4 32. Qh3 Rh4 33. Qf3 Rf4 34. Qe2 Ba6 35.
Qc2 Qd3 36. Qxd3 Bxd3 37. e6 Rff8 38. e7 Rg8 39. f4 a4 40. Re5 a3 41. bxa3 bxa3
42. Re1 a2 43. Ra1 Bb1 44. Rd7 Rae8 45. Rxd5 Rxe7 46. Rd2 Re1+ 47. Kh2 Rg4 48.
g3 Re3 49. Rg2 Kg7 50. Rg1 Kf6 51. Kh3 Kf5 52. Rg2 h5 53. Re2 Rxe2 54. Rxa2
Rxg3+ 55. Kxg3 Bxa2 {White resigns} 0-1

[Event "Team 45 45 League T55"]
[Site "Internet Chess Club"]
[Date "2012.11.26"]
[Round "2"]
[White "AugustoCaruso"]
[Black "Chatica"]
[Result "0-1"]
[WhiteElo "2202"]
[BlackElo "2248"]
[Opening "Sicilian: closed, 2...Nc6"]
[ECO "B23"]
[Time "17:02:17"]
[TimeControl "2700+45"]

1. e4 c5 2. Nc3 Nc6 3. Bb5 Nd4 4. Bc4 e6 5. Nge2 Nxe2 6. Qxe2 a6 7. a4 Ne7 8. f4
Nc6 9. d3 g6 10. O-O Bg7 11. f5 Nd4 12. Qg4 Nxc2 13. fxg6 hxg6 14. Bg5 Qc7 15.
Bf4 d6 16. Rac1 Bd4+ 17. Kh1 Ne3 18. Bxe3 Bxe3 19. Rce1 Bd2 20. e5 Bxe1 21. Rxe1
d5 22. Qf4 dxc4 23. Ne4 cxd3 24. Qf6 Rh7 25. Ng5 Rh5 26. Rf1 Qe7 27. Qg7 Rxg5
{White resigns} 0-1

[Event "Team 45 45 League T55"]
[Site "Internet Chess Club"]
[Date "2012.11.23"]
[Round "2"]
[White "SlimeDog2"]
[Black "QueensCounselor"]
[Result "1-0"]
[WhiteElo "2118"]
[BlackElo "2052"]
[Opening "King's Indian, 3.Nf3"]
[ECO "E60"]
[Time "02:05:05"]
[TimeControl "2700+45"]

1. d4 Nf6 2. c4 g6 3. Nf3 Bg7 4. g3 c6 5. Bg2 d5 6. Qb3 O-O 7. Nc3 dxc4 8. Qxc4
Bf5 9. O-O Nbd7 10. Re1 Ne4 11. Bf4 Nb6 12. Qb3 Qd7 13. Rad1 Nxc3 14. bxc3 Be6
15. Qc2 Qd5 16. Ra1 Qa5 17. Ng5 Bc4 18. e4 e5 19. Be3 Rad8 20. Nf3 exd4 21. cxd4
Rfe8 22. a4 Be6 23. Reb1 Rd7 24. Bf1 Qh5 25. a5 Nc8 26. a6 b6 27. Ng5 Bxd4 28.
Bxd4 Qxg5 29. Qxc6 Ne7 30. Qb5 Qxb5 31. Bxb5 Rxd4 32. Bxe8 Rxe4 33. Rc1 Rc4 34.
Bb5 Rc8 35. Rxc8+ Nxc8 36. Rd1 Kg7 37. Bd7 Kf6 38. g4 Ke7 39. Bxe6 Kxe6 40. Rd8
Nd6 41. Ra8 Nb5 42. Rh8 {Black resigns} 1-0

[Event "Team 45 45 League T55"]
[Site "Internet Chess Club"]
[Date "2012.11.26"]
[Round "2"]
[White "fledermaus"]
[Black "eurander"]
[Result "1/2-1/2"]
[WhiteElo "1951"]
[BlackElo "2088"]
[Opening "Caro-Kann: classical, Spassky variation"]
[ECO "B19"]
[Time "14:47:46"]
[TimeControl "2700+45"]

1. e4 c6 2. d4 d5 3. Nc3 dxe4 4. Nxe4 Bf5 5. Ng3 Bg6 6. h4 h6 7. Nf3 Nd7 8. h5
Bh7 9. Bd3 Bxd3 10. Qxd3 e6 11. Bf4 Qa5+ 12. Bd2 Bb4 13. Ne4 Ngf6 14. Nd6+ Ke7
15. Nc4 Bxd2+ 16. Nfxd2 Qd5 17. O-O-O Rhd8 18. Kb1 Kf8 19. Ne3 Qa5 20. Ndc4 Qa6
21. Ne5 Qxd3 22. Nxd3 Rac8 23. g4 c5 24. dxc5 Nxc5 25. Nxc5 Rxd1+ 26. Rxd1 Rxc5
27. c4 Ke7 28. b4 Re5 29. Kc2 Re4 30. Rg1 Rf4 31. Rg2 Ne4 32. Nd1 Nf6 33. Ne3
Ne4 {Game drawn by mutual agreement} 1/2-1/2

[Event "Team 45 45 League T55"]
[Site "Internet Chess Club"]
[Date "2012.11.27"]
[Round "2"]
[White "Epcot"]
[Black "jonesey"]
[Result "1-0"]
[WhiteElo "2007"]
[BlackElo "1873"]
[Opening "QGD Slav: 4.e3"]
[ECO "D11"]
[Time "07:43:35"]
[TimeControl "2700+45"]

1. d4 d5 2. c4 c6 3. Nf3 Nf6 4. e3 e6 5. b3 Bb4+ 6. Nbd2 Bc3 7. Rb1 Nbd7 8. Qc2
Ne4 9. Bd3 Ndf6 10. O-O Nxd2 11. Nxd2 Bb4 12. Bb2 O-O 13. Nf3 Bd7 14. Ne5 Rc8
15. Qe2 Qe7 16. Rbc1 Ba3 17. Bxa3 Qxa3 18. c5 Rcd8 19. b4 Bc8 20. Rb1 a6 21. Rb3
Qa4 22. Qb2 {Black resigns} 1-0

[Event "Team 45 45 League T55"]
[Site "Internet Chess Club"]
[Date "2012.11.24"]
[Round "2"]
[White "grabuark"]
[Black "chiiwen"]
[Result "1/2-1/2"]
[WhiteElo "2215"]
[BlackElo "2153"]
[Opening "Sicilian: Alapin's variation (2.c3)"]
[ECO "B22"]
[Time "21:10:58"]
[TimeControl "2700+45"]

1. e4 c5 2. c3 g6 3. d4 cxd4 4. cxd4 d5 5. exd5 Nf6 6. Bb5+ Nbd7 7. Nc3 Bg7 8.
d6 exd6 9. Qe2+ Qe7 10. Bf4 Qxe2+ 11. Bxe2 Ke7 12. Bf3 Nb6 13. Nge2 h6 14. h4
Rd8 15. O-O a6 16. a4 Rb8 17. Rfe1 Kf8 18. a5 Na8 19. Rac1 Nc7 20. d5 Bg4 21.
Bxg4 Nxg4 22. Ne4 Ne8 23. b3 Ngf6 24. N2c3 b6 25. Nxf6 Nxf6 26. Ne4 Nxe4 27.
Rxe4 bxa5 28. Rc7 Kg8 29. Ree7 Rxb3 30. Rxf7 Bd4 31. Bxh6 a4 32. Be3 Be5 33. Bf4
Bd4 34. Rfe7 a3 35. Re6 a2 36. Rxg6+ Kh8 37. Rh6+ Kg8 38. Rg6+ {Game drawn by
mutual agreement} 1/2-1/2

[Event "Team 45 45 League T55"]
[Site "Internet Chess Club"]
[Date "2012.11.23"]
[Round "2"]
[White "NFork"]
[Black "Zumbi"]
[Result "1-0"]
[WhiteElo "2241"]
[BlackElo "2205"]
[Opening "Ruy Lopez: Anderssen variation"]
[ECO "C77"]
[Time "08:20:42"]
[TimeControl "2700+45"]

1. e4 e5 2. Nf3 Nc6 3. Bb5 a6 4. Ba4 Nf6 5. d3 b6 6. Bxc6 dxc6 7. Nxe5 Qd6 8.
Nf3 Bg4 9. h3 Bh5 10. O-O Nd7 11. Nbd2 Ne5 12. d4 Nxf3+ 13. Nxf3 Be7 14. c3 O-O
15. g4 Bg6 16. Re1 Rad8 17. Qe2 a5 18. Ne5 c5 19. Nc4 Qd7 20. Ne5 Qd6 21. Bf4
cxd4 22. cxd4 Qxd4 23. Rad1 Qa4 24. b3 Qe8 25. Nxg6 hxg6 26. Bxc7 Rxd1 27. Rxd1
Qc6 28. Qc4 Qxc4 29. bxc4 Bc5 30. Kf1 Rc8 31. Rd8+ Rxd8 32. Bxd8 Kf8 33. Ke2 Ke8
34. Bg5 Kd7 35. Bc1 f6 36. f4 Bd6 37. Kf3 Kc6 38. a4 Bb4 39. Be3 Bc3 40. Ke2 Bb4
41. Bd4 Bc5 42. Kd3 Ba3 43. e5 f5 44. e6 Bc5 45. Be5 Bd6 46. Bxd6 Kxd6 47. gxf5
gxf5 48. h4 Kxe6 49. Kd4 Kd6 50. h5 Kc6 51. Ke5 Kc5 52. Kxf5 Kxc4 53. Ke4 b5 54.
axb5 Kxb5 55. f5 a4 56. Kd3 Kc5 57. f6 {Black resigns} 1-0

[Event "Team 45 45 League T55"]
[Site "Internet Chess Club"]
[Date "2012.11.24"]
[Round "2"]
[White "Ptzz"]
[Black "Feifo"]
[Result "0-1"]
[WhiteElo "2083"]
[BlackElo "1896"]
[Opening "Nimzo-Indian: classical, 4...c5"]
[ECO "E38"]
[Time "07:00:18"]
[TimeControl "2700+45"]

1. d4 Nf6 2. c4 e6 3. Nc3 Bb4 4. Qc2 c5 5. dxc5 Na6 6. a3 Bxc3+ 7. Qxc3 Nxc5 8.
f3 d5 9. cxd5 b6 10. Bg5 O-O 11. Bxf6 gxf6 12. Rd1 exd5 13. e4 Re8 14. Bb5 Re5
15. Bc6 Bb7 16. Bxb7 Nxb7 17. Ne2 Rc8 18. Qb4 a5 19. Qd4 dxe4 20. Qxd8+ Rxd8 21.
Rxd8+ Nxd8 22. f4 Rb5 23. Nc3 Rxb2 24. O-O f5 25. Rd1 Ne6 26. g3 Rb3 27. Nd5 Nc5
28. Nf6+ Kg7 29. Ne8+ Kg6 30. Rd6+ Ne6 31. a4 Rb4 32. Nc7 Rxa4 33. Nxe6 fxe6 34.
Rxe6+ Kh5 35. Kg2 Rb4 36. Rf6 Rb2+ 37. Kh3 Rb5 38. Rf8 a4 39. Rg8 a3 40. Rg5+
Kh6 41. Kh4 Rc5 42. h3 a2 43. Rg8 a1=Q 44. Rg5 Qf6 45. g4 Qxg5+ {White resigns}
0-1

[Event "Team 45 45 League T55"]
[Site "Internet Chess Club"]
[Date "2012.11.25"]
[Round "2"]
[White "Tobiasdelmonte"]
[Black "HelioAraujo"]
[Result "0-1"]
[WhiteElo "1868"]
[BlackElo "1878"]
[Opening "Sicilian: Kan variation"]
[ECO "B41"]
[Time "07:30:15"]
[TimeControl "2700+45"]

1. e4 c5 2. Nf3 e6 3. d4 cxd4 4. Nxd4 a6 5. g3 Nc6 6. Bg2 Nf6 7. O-O Be7 8. Nc3
O-O 9. Be3 Qc7 10. Re1 d6 11. Qe2 Bd7 12. Rad1 Rac8 13. h3 Nxd4 14. Bxd4 e5 15.
Be3 Be6 16. Rd2 b5 17. a3 Bc4 18. Qd1 a5 19. b3 Bxb3 20. Nxb5 Bxc2 21. Qe2 Qc4
22. Na7 Rc7 23. Nb5 Qxe2 24. Rexe2 Rb7 25. Nxd6 Bxd6 26. Rxd6 Rb1+ 27. Kh2 Bxe4
28. Bxe4 Nxe4 29. Ra6 a4 30. Ba7 f5 31. f3 Ng5 32. Kg2 e4 33. fxe4 Nxe4 34. Rc2
Rb3 35. Rxa4 Rxg3+ 36. Kh2 Rc3 37. Rb2 Rd8 38. Bb6 Rdd3 39. Ra8+ Kf7 40. Ra7+
Kf6 41. Bc7 Rxh3+ 42. Kg2 Rb3 43. Bd8+ Kg6 44. Rxb3 Rxb3 45. Be7 h5 46. Bf8 Rg3+
47. Kh2 Kh7 48. a4 Kg8 49. Be7 Rd3 50. a5 g5 51. a6 Rd2+ 52. Kg1 Ra2 53. Ra8+
Kf7 54. Bb4 Kg7 55. a7 h4 56. Bf8+ Kh7 57. Bd6 Nxd6 58. Rd8 Rxa7 59. Rxd6 Ra2
60. Rf6 f4 61. Rf8 Kg6 62. Kf1 Kh5 63. Rg8 Kg4 {White resigns} 0-1

[Event "Team 45 45 League T55"]
[Site "Internet Chess Club"]
[Date "2012.11.24"]
[Round "2"]
[White "justice02"]
[Black "powerchess1"]
[Result "0-1"]
[WhiteElo "1708"]
[BlackElo "1687"]
[Opening "Dutch defense"]
[ECO "A13"]
[Time "09:03:31"]
[TimeControl "2700+45"]

1. c4 e6 2. d4 f5 3. Nf3 Nf6 4. g3 Bb4+ 5. Nbd2 Ne4 6. Bg2 O-O 7. O-O Bxd2 8.
Nxd2 Nxd2 9. Bxd2 d6 10. Qb3 Nd7 11. e4 Kh8 12. f4 e5 13. fxe5 dxe5 14. exf5
exd4 15. Qc2 Nf6 16. Bg5 Qd6 17. Rad1 c5 18. Bf4 Qb6 19. Rde1 Ng4 20. Be4 Bd7
21. Bd3 Bc6 22. Re6 Nf6 23. Rfe1 Rae8 24. b3 Rxe6 25. Rxe6 Re8 26. Qe2 Qd8 27.
Bg5 Bd7 28. Re5 Rxe5 29. Qxe5 Qf8 30. Bxf6 gxf6 31. Qf4 Bc6 32. Kf2 Qe7 33. h4
a5 34. a4 Qe5 35. Qd2 b6 36. h5 Be4 37. Bxe4 Qxe4 38. Qh6 Qxf5+ 39. Kg2 Kg8 40.
Qd2 Qxh5 41. Qf4 Qe5 42. Qg4+ Kf7 43. Qd7+ Kg6 44. Qg4+ Qg5 45. Qe4+ Kh6 46. Qe7
Qd2+ 47. Kh3 Qg5 48. Qd8 Qh5+ 49. Kg2 Qe2+ 50. Kh3 Qf1+ 51. Kh4 Qh1+ 52. Kg4
Qh5+ 53. Kf4 Qg5+ 54. Kf3 Qf5+ 55. Kg2 d3 56. Qf8+ Kg5 57. Qg8+ Qg6 58. Qd5+ Qf5
59. Qd8 Qe4+ 60. Kh2 Qe2+ 61. Kh3 Qf1+ 62. Kh2 Qf2+ 63. Kh3 d2 64. Qg8+ Kh6 65.
Qf8+ Kg6 66. Qg8+ Kf5 67. Qxh7+ Ke5 68. Qc7+ Kd4 69. Qd6+ Kc3 70. Qd8 Qf1+
{White resigns} 0-1

[Event "Team 45 45 League T55"]
[Site "Internet Chess Club"]
[Date "2012.11.23"]
[Round "2"]
[White "spongenotbob"]
[Black "RD1974"]
[Result "1-0"]
[WhiteElo "1847"]
[BlackElo "1687"]
[Opening "Dutch defense"]
[ECO "A40"]
[Time "18:02:38"]
[TimeControl "2700+45"]

1. d4 e6 2. c4 f5 3. Nf3 Nf6 4. Nc3 c6 5. Qc2 d5 6. cxd5 cxd5 7. Bf4 a6 8. e3
Nbd7 9. Bd3 b5 10. Ne2 Bb4+ 11. Nd2 Bb7 12. Qc7 Qc8 13. Rc1 O-O 14. a3 Be7 15.
O-O Ne4 16. Bxe4 dxe4 17. Bd6 Qxc7 18. Rxc7 Bxd6 19. Rxd7 Bxa3 20. bxa3 Bd5 21.
Rc1 Rfc8 22. Rdc7 Rcb8 23. Nf4 b4 24. Nxd5 exd5 25. a4 b3 26. Rb1 b2 27. Rc2 Rb4
28. Rcxb2 Rxa4 29. Kf1 Kf7 30. Nb3 a5 31. Nc5 Rc4 32. Ra1 g5 33. Rba2 f4 34.
Rxa5 Rxa5 35. Rxa5 Rc1+ 36. Ke2 Rc2+ 37. Ke1 fxe3 38. fxe3 Rxg2 39. Ra7+ Kg6 40.
Ra6+ Kh5 41. Nd7 Rxh2 42. Nf6+ Kh4 43. Nxh7 Kg4 44. Nf6+ Kf3 45. Nxd5 Rh1+ 46.
Kd2 Rh2+ 47. Kc3 Rh8 48. Rf6+ Kg3 49. Nb6 g4 50. d5 Rh1 51. d6 Rd1 52. d7 Kh2
53. Rf2+ Kg1 54. Rd2 Rc1+ 55. Kd4 g3 56. d8=Q g2 57. Qg5 {Black resigns} 1-0

[Event "Team 45 45 League T55"]
[Site "Internet Chess Club"]
[Date "2012.11.22"]
[Round "2"]
[White "amicusUK"]
[Black "Manch"]
[Result "1/2-1/2"]
[WhiteElo "1630"]
[BlackElo "1529"]
[Opening "Queen's pawn: London system"]
[ECO "A45"]
[Time "15:00:12"]
[TimeControl "2700+45"]

1. d4 Nf6 2. Bf4 g6 3. e3 Bg7 4. Nf3 O-O 5. Nbd2 d6 6. Be2 Nh5 7. Bg3 Nxg3 8.
hxg3 e5 9. c3 exd4 10. exd4 Bg4 11. O-O Nd7 12. Re1 Nf6 13. Nh2 Bxe2 14. Rxe2
Qd7 15. Qc2 Rfe8 16. Rae1 Rxe2 17. Rxe2 Re8 18. Qd1 Qb5 19. Rxe8+ Qxe8 20. Nhf3
Qb5 21. Qb3 Qc6 22. Qc4 Qd7 23. Qe2 a6 24. Ng5 h6 25. Ngf3 b5 26. Nh2 Qe6 27.
Qxe6 fxe6 28. Kf1 c5 29. dxc5 dxc5 30. Nhf3 b4 31. c4 Nd7 32. b3 a5 33. Ne4 Bf8
34. Ke2 Kg7 35. Ke3 Nf6 36. Nxf6 Kxf6 37. Ke4 Bd6 38. g4 Bc7 39. Ke3 g5 40. Ke4
Bf4 41. Ne1 Bd6 42. Nd3 Be7 43. Ne5 Bd6 44. Nd3 Be7 45. Ne5 Bd6 46. Nd3 Be7 47.
Ne5 Bd6 48. Nd3 Be7 49. Ne5 Bd6 50. Nd3 Be7 51. Ne5 Bd6 52. Nd3 Be7 {Game drawn
by repetition} 1/2-1/2

[Event "Team 45 45 League T55"]
[Site "Internet Chess Club"]
[Date "2012.11.23"]
[Round "2"]
[White "sdcohle"]
[Black "Dawnscriber"]
[Result "1-0"]
[WhiteElo "1449"]
[BlackElo "1325"]
[Opening "Trompowsky attack (Ruth, Opocenský opening)"]
[ECO "A45"]
[Time "10:00:11"]
[TimeControl "2700+45"]

1. d4 Nf6 2. Bg5 d5 3. c4 h6 4. Bxf6 exf6 5. e3 Bb4+ 6. Nc3 O-O 7. Nf3 Re8 8.
Be2 dxc4 9. Bxc4 Bg4 10. O-O Nd7 11. h3 Bh5 12. a3 Bxc3 13. bxc3 c6 14. Be2 Qc7
15. Qc2 b5 16. Nh4 Bxe2 17. Qxe2 Nb6 18. Qg4 Kh8 19. Nf5 Rg8 20. f4 Nc4 21. Rf3
Nd6 22. Qh5 Kh7 23. Nxd6 Qxd6 24. Qxf7 a6 25. Qb3 Rae8 26. Qb4 Qd5 27. Re1 f5
28. Kf2 Re6 29. Re2 Re4 30. Qb1 Re6 31. g4 g6 32. gxf5 gxf5 33. Rg3 Rf8 34. Qb4
Qd8 35. Qc5 Kh8 36. Qa7 Rg8 37. Qf7 Qh4 38. Qxg8# {Black checkmated} 1-0

[Event "Team 45 45 League T55"]
[Site "Internet Chess Club"]
[Date "2012.11.23"]
[Round "2"]
[White "Docvan"]
[Black "LiangLiang"]
[Result "1-0"]
[WhiteElo "1531"]
[BlackElo "1709"]
[Opening "KGA: Schallop defense"]
[ECO "C34"]
[Time "19:30:09"]
[TimeControl "2700+45"]

1. e4 e5 2. f4 exf4 3. Nf3 Nf6 4. Nc3 Bb4 5. e5 Nh5 6. Bc4 O-O 7. O-O d6 8. Nd5
Bc5+ 9. d4 Bb6 10. Nxf4 Nxf4 11. Bxf4 dxe5 12. Bxe5 Nc6 13. c3 Bg4 14. Qe1 Qe7
15. Qg3 Nxe5 16. Nxe5 Be6 17. Rae1 Bxc4 18. Nxc4 Qd7 19. Ne5 Qb5 20. b3 a5 21.
Rf5 c5 22. c4 Qb4 23. Rg5 Bc7 24. Rxg7+ Kh8 25. Rg8+ {Black resigns} 1-0

[Event "Team 45 45 League T55"]
[Site "Internet Chess Club"]
[Date "2012.11.23"]
[Round "2"]
[White "almond123"]
[Black "Victor24"]
[Result "0-1"]
[WhiteElo "1447"]
[BlackElo "1632"]
[Opening "French: Tarrasch, closed variation"]
[ECO "C05"]
[Time "14:00:06"]
[TimeControl "2700+45"]

1. e4 e6 2. d4 d5 3. Nd2 Nf6 4. e5 Nfd7 5. Ngf3 c5 6. dxc5 Bxc5 7. Bd3 Nc6 8.
Qe2 Nd4 9. Nxd4 Bxd4 10. f4 Qh4+ 11. g3 Qh3 12. Nb3 Bb6 13. Bd2 O-O 14. O-O-O f6
15. exf6 Nxf6 16. Qf1 Qxf1 17. Rdxf1 Ng4 18. h3 Nf2 19. Rh2 Nxd3+ 20. cxd3 e5
21. Rhh1 Bf5 22. fxe5 Bxd3 23. Rxf8+ Rxf8 24. Bf4 Re8 25. Kd2 Be4 26. Rf1 Bc7
27. Nc5 Bxe5 28. Bxe5 Rxe5 29. Nd7 Rf5 30. Rg1 d4 31. Re1 Rf2+ 32. Kc1 Bf5 33.
Nc5 Rc2+ 34. Kd1 Rxc5 35. g4 Bc2+ 36. Kd2 d3 37. Rf1 Re5 38. Re1 Rxe1 39. Kxe1
Kf7 40. Kd2 Ke6 41. Ke3 Ke5 42. h4 b5 43. b4 a6 44. a3 Kd5 45. Kd2 Kc4 46. g5 g6
47. Kc1 Kc3 48. h5 d2# {White checkmated} 0-1

[Event "Team 45 45 League T55"]
[Site "Internet Chess Club"]
[Date "2012.11.23"]
[Round "2"]
[White "PANAMA-REY"]
[Black "ilovechess"]
[Result "0-1"]
[WhiteElo "1377"]
[BlackElo "1695"]
[Opening "Bishop's opening"]
[ECO "C23"]
[Time "13:04:15"]
[TimeControl "2700+45"]

1. e4 e5 2. Bc4 Be7 3. Nc3 Nf6 4. Nf3 Nc6 5. a3 d6 6. h3 Be6 7. d3 O-O 8. O-O
Nb8 9. Nh2 Nbd7 10. f3 c6 11. a4 d5 12. Bb3 d4 13. Ne2 Nc5 14. Bc4 Rb8 15. f4
Bxc4 16. fxe5 Nfxe4 17. dxc4 Qb6 18. Nxd4 Ne6 19. c3 Bc5 20. Nf3 Rfd8 21. Kh1
Ng3+ 22. Kh2 Nxf1+ 23. Qxf1 Nxd4 24. cxd4 Bxd4 25. Nxd4 Qxd4 26. e6 Qe5+ 27. Kh1
Qxe6 28. Ra3 Rd4 29. Re3 Qxc4 30. Qe1 h6 31. Re7 Qc2 32. Qe5 Qxc1+ 33. Kh2 Qf4+
{White resigns} 0-1